 Dungeon Crawl Stone Soup version 0.21.1-1-g345015f (webtiles) character file.

88 wojtek the Charmwright (level 4, 0/33 HPs)
             Began as a Demonspawn Skald on Mar 25, 2018.
             Slain by a gnoll
             ... wielding a +0 whip
              (3 damage)
             ... on level 3 of the Dungeon.
             The game lasted 00:02:43 (1731 turns).

wojtek the Charmwright (Demonspawn Skald)           Turns: 1731, Time: 00:02:44

Health: 0/33       AC:  9    Str: 12    XL:     4   Next: 30%
Magic:  1/7        EV: 11    Int: 15    God:
Gold:   68         SH:  0    Dex: 12    Spells: 6/7 levels left

rFire    . . .     SeeInvis .   a - +0 hand axe
rCold    . . .     Gourm    .   (no shield)
rNeg     . . .     Faith    .   b - +0 leather armour
rPois    .         Spirit   .   (no helmet)
rElec    .         Reflect  .   (no cloak)
rCorr    .         Harm     .   (no gloves)
MR       .....                  (no boots)
Stlth    +.........             (no amulet)
HPRegen  0.11/turn              (no ring)
MPRegen  0.10/turn              (no ring)

@: infused, sanguine armour
A: sanguine armour 1
a: no special abilities


You were on level 3 of the Dungeon.
You were not hungry.

You visited 1 branch of the dungeon, and saw 4 of its levels.

You collected 68 gold pieces.

Inventory:

Hand Weapons
 a - a +0 hand axe (weapon)
Missiles
 f - 8 poisoned javelins (quivered)
 n - 2 throwing nets
Armour
 b - a +0 leather armour (worn)
Jewellery
 j - a +2 ring of strength {unknown}
 k - an uncursed ring of see invisible {unknown}
Scrolls
 l - a scroll of teleportation
 m - a scroll of fog {unknown}
 o - a scroll of remove curse {unknown}
Potions
 e - a potion of haste {unknown}
 h - a potion of flight {unknown}
 i - a potion of curing {unknown}
Books
 c - a book of Battle

   Spells                             Type                      Level
   a - Infusion                       Charms                       1
   b - Shroud of Golubria             Charms/Translocation         2
   c - Song of Slaying                Charms                       2
   d - Spectral Weapon                Hexes/Charms                 3
   e - Regeneration                   Charms/Necromancy            3
Comestibles
 d - a ration
 g - 3 chunks of flesh


   Skills:
 - Level 2.0 Fighting
 + Level 3.2 Axes
 - Level 0.8 Armour
 - Level 1.7 Dodging
 - Level 2.0 Spellcasting
 + Level 3.8 Charms


You had 6 spell levels left.
You knew the following spells:

 Your Spells              Type           Power        Failure   Level  Hunger
a - Infusion              Chrm           ##..         6%          1    #......


Dungeon Overview and Level Annotations

Branches:
Dungeon (4/15)
 Temple: D:4-7

Altars:
Uskayaw


Innate Abilities, Weirdness & Mutations

When seriously injured, your bleeding wounds create armour. (AC +6)


Message History

* * * LOW HITPOINT WARNING * * *
You hit the worm.
The worm is almost dead.
You hit the worm.
You kill the worm!
The gnoll hits you with a whip.
* * * LOW HITPOINT WARNING * * *
You hit the gnoll.
The gnoll is moderately wounded.
The gnoll hits you but does no damage.
You hit the gnoll.
The gnoll is almost dead.
The gnoll hits you but does no damage.
You hit the gnoll.
The gnoll is almost dead.
The gnoll hits you but does no damage.
You barely miss the gnoll.
The gnoll is almost dead.
The gnoll hits you with a whip.
You die... #.### ... #.# gw.

#.# ... # #รท#
#g# .# #######)##
#g##.#
.........###
#....
######.....# #..#
##.###.#####..#
##..# #...@g...#
##...###.######.#
#........# .#
............# .#
............## .#
...........## .#
#####.#...## .#
#.##... #> .....


You could see a gnoll.

Vanquished Creatures
  An adder (D:2)
  2 gnolls (D:3)
  2 worms
  3 dart slugs
  2 leopard geckos
  An orc (D:4)
  A ball python (D:1)
  8 bats
  2 giant cockroaches (D:4)
  6 goblins
  2 hobgoblins
  4 kobolds
  2 quokkas
  2 frilled lizards
  7 rats
45 creatures vanquished.

Notes
Turn   | Place    | Note
-------+----------+-------------------------------------------
     0 | D:1      | wojtek the Demonspawn Skald began the quest for the Orb.
     0 | D:1      | Reached XP level 1. HP: 16/16 MP: 3/3
    96 | D:1      | Gained mutation: When seriously injured, your bleeding wounds create armour. (AC +6) [demonic ancestry]
    96 | D:1      | Reached XP level 2. HP: 9/22 MP: 0/5
   907 | D:2      | Reached XP level 3. HP: 21/27 MP: 4/6
  1215 | D:2      | Noticed a hand axe
  1216 | D:2      | Found a hide-covered altar of Uskayaw.
  1216 | D:2      | Noticed a dagger
  1262 | D:2      | You fall through a shaft for 2 floors!
  1719 | D:3      | Reached XP level 4. HP: 18/33 MP: 2/7
  1731 | D:3      | Slain by a gnoll

Skill      XL: |  1  2  3 |
---------------+----------+-----
Axes           | 2 3 |  3.2
Charms         | 3 |  3.8
Fighting       | |  2.0
Armour         | |  0.8
Dodging        | |  1.7
Spellcasting   | |  2.0

Action                   |  1- 3 |  4- 6 || total
-------------------------+-------+-------++-------
Melee: Hand axe          |    94 |    12 ||   106
 Cast: Infusion          |    12 |       ||    12
  Use: Scroll            |     1 |       ||     1
  Eat: Chunk             |     3 |       ||     3
Armor: Leather armour    |    43 |     4 ||    47
Dodge: Dodged            |    74 |       ||    74
